Canucks vs Blues
(R2)
Created - 10 mai 2016 at 20:32
Goals
|
| Canucks |
2 |
1 |
1 |
4 |
| Blues |
2 |
2 |
2 |
6 |
|
Shots
|
| Canucks |
8 |
8 |
6 |
22 |
| Blues |
8 |
13 |
11 |
32 |
|
1st period
1. Canucks , Milan Michalek 3 (Brendon Nash, Maxim Afinogenov) at 2:22
2. Canucks , Clarke MacArthur 2 (Martin St. Louis, Alex Goligoski) at 4:05
3. Blues , Guillaume Latendresse 1 (Tyler Arnason, Alex Pietrangelo) at 6:33
4. Blues , Sergei Shirokov 1 (Paul Kariya, Drew Fata) at 10:15
Penalties :
Brendon Nash (Van) for Tripping (Minor) at 11:16, Bryce Lampman (STL) for Cross-checking (Minor) at 16:38
2nd period
5. Blues , Guillaume Latendresse 2 (Nicklas Backstrom) at 0:49
6. Blues , Guillaume Latendresse 3 (Lasse Kukkonen) at 6:55
7. Canucks , Maxim Afinogenov 2 (Milan Michalek, Nikolai Zherdev) at 8:12
Penalties :
Nik Antropov (STL) for Tripping (Minor) at 1:36, Alex Tanguay (Van) for Hooking (Minor) at 2:05, Joe Pavelski (STL) for Hooking (Minor) at 4:39, Ryan Whitney (STL) for Holding (Minor) at 9:22, Ryane Clowe (Van) for Holding (Minor) at 12:27, Ryane Clowe (Van) for Tripping (Minor) at 15:54, Ben Lovejoy (Van) for Holding (Minor) at 18:32
3rd period
8. Blues , Alex Pietrangelo 2 (Ryan Whitney, Joe Pavelski) at 0:13 (PP)
9. Blues , Alex Pietrangelo 3 (David Perron, Travis Zajac) at 1:26 (PP)
10. Canucks , Milan Michalek 4 (Doug Janik) at 2:01
Penalties :
Clarke MacArthur (Van) for Holding (Minor) at 0:22, Martin St. Louis (Van) for Hooking (Minor) at 2:16, Brendon Nash (Van) for Tripping (Minor) at 7:39, Ben Lovejoy (Van) for Slashing (Minor) at 12:13
Goalie Stats
Carey Price (Van), 18 saves from 20 shots - (0,900), L, 1-2-0, 33:05 minutes
Jussi Rynnas (Van), 8 saves from 12 shots - (0,667), 26:55 minutes
Tuukka Rask (STL), 18 saves from 22 shots - (0,818), W, 3-2-0, 60:00 minutes
Players Stats for Canucks
Player Name G A P +/- PIM S H SB GA TA FO MP PP MP PK MP
------------------------------------------------------------------------------------
Alex Goligoski 0 1 1 0 0 1 0 2 0 1 0/0 30:19 3:55 9:17
Alex Tanguay 0 0 0 0 2 3 0 0 0 1 0/2 12:37 2:52 2:21
Ben Lovejoy 0 0 0 0 4 0 0 1 0 0 0/0 19:44 2:31 4:37
Brendon Nash 0 1 1 1 4 0 1 0 0 0 0/0 14:05 3:55 1:14
Clarke MacArthur 1 0 1 1 2 2 2 0 1 2 3/4 20:48 3:33 4:07
Doug Janik 0 1 1 -1 0 0 1 3 0 2 0/0 26:48 0:00 9:22
Martin St. Louis 0 1 1 1 2 2 3 1 0 1 6/14 22:01 0:00 7:14
Matt Stajan 0 0 0 -3 0 2 1 1 1 0 0/2 16:35 0:00 8:15
Maxim Afinogenov 1 1 2 2 0 3 3 0 0 0 1/2 17:22 2:53 4:27
Maxim Lapierre 0 0 0 -1 0 1 2 0 0 0 5/10 10:37 0:00 3:05
Milan Michalek 2 1 3 2 0 2 0 0 0 1 0/2 9:47 0:00 0:00
Nikolai Zherdev 0 1 1 2 0 3 0 0 1 0 6/12 17:01 3:33 0:00
Patrick Eaves 0 0 0 -2 0 0 0 0 0 0 0/0 9:41 2:53 0:00
Ryan Craig 0 0 0 0 0 0 0 0 0 0 0/0 0:45 0:00 0:45
Ryan Parent 0 0 0 0 0 0 1 0 0 0 0/0 8:35 0:00 0:00
Ryane Clowe 0 0 0 -3 4 2 1 0 1 0 1/1 9:19 0:04 0:02
Sami Lepisto 0 0 0 0 0 0 0 1 0 0 0/0 20:37 2:31 5:46
Vince Rocco 0 0 0 1 0 1 1 0 0 0 9/14 16:32 3:29 0:00
Players Stats for Blues
Player Name G A P +/- PIM S H SB GA TA FO MP PP MP PK MP
------------------------------------------------------------------------------------
Alex Pietrangelo 2 1 3 0 0 6 2 1 2 0 0/0 29:34 8:52 3:24
Bryce Lampman 0 0 0 0 2 1 2 0 0 0 0/0 18:41 0:00 2:30
Darren Reid 0 0 0 2 0 1 2 1 1 0 0/1 16:47 6:44 0:00
David Perron 0 1 1 -2 0 6 1 0 3 0 0/1 22:04 8:19 0:00
Drew Fata 0 1 1 0 0 0 1 0 0 0 0/0 15:54 0:20 3:02
Guillaume Latendresse 3 0 3 2 0 4 2 0 0 0 1/2 11:39 0:05 1:11
Jake Gardiner 0 0 0 0 0 0 2 2 0 0 0/0 15:58 5:56 0:54
Joe Pavelski 0 1 1 -2 2 2 1 2 0 0 0/1 21:10 8:18 0:00
Lasse Kukkonen 0 1 1 0 0 0 2 0 0 0 0/0 19:03 6:01 3:02
Lee Stempniak 0 0 0 0 0 1 0 0 0 0 1/1 7:31 0:01 0:00
Nicklas Backstrom 0 1 1 2 0 3 2 1 0 0 8/12 17:49 6:44 0:34
Nik Antropov 0 0 0 0 2 1 2 2 0 0 4/7 10:45 0:06 3:10
Paul Kariya 0 1 1 0 0 0 3 0 0 1 0/0 13:55 6:44 0:00
Ryan Whitney 0 1 1 0 2 3 0 0 1 2 0/0 21:04 9:07 0:00
Sergei Shirokov 1 0 1 0 0 2 0 0 0 0 2/2 10:47 0:05 2:43
Taylor Pyatt 0 0 0 0 0 0 0 1 1 0 0/0 9:55 0:00 3:33
Travis Zajac 0 1 1 -2 0 1 2 0 0 0 16/34 21:12 8:18 0:00
Tyler Arnason 0 1 1 0 0 1 1 0 0 1 0/2 8:12 0:00 1:41
3 Stars
1 - Guillaume Latendresse (STL)
2 - Milan Michalek (Van)
3 - Alex Pietrangelo (STL)
Power Play
Canucks - 0 on 4 Attempt(s) - 0,00%
Blues - 2 on 9 Attempt(s) - 22,22%
Penalty Kill
Canucks - 7 on 9 Attempt(s) - 77,78%
- Score 0 goal in Penalty Kill
Blues - 4 on 4 Attempt(s) - 100,00%
- Score 0 goal in Penalty Kill
Team Stat
Canucks - Hits : 16 - Faceoff Wins : 31 - Blocked Shots : 9 - Penalty Minutes : 18
Blues - Hits : 25 - Faceoff Wins : 32 - Blocked Shots : 10 - Penalty Minutes : 8
Official
Referees : Kozari Steve and StPierre Justin
Linesman : Greg Devorski and Brian Murphy
Game Notes
Guillaume Latendresse has scored a Hat Trick!
Carey Price enters game at 6:55 of 2nd period
Finance
Level 1 -- Attendance: 6000 (100,00%) -- Ticket Income 504 000 $
Level 2 -- Attendance: 5000 (100,00%) -- Ticket Income 260 000 $
Level 3 -- Attendance: 2000 (100,00%) -- Ticket Income 60 000 $
Level 4 -- Attendance: 4000 (100,00%) -- Ticket Income 76 000 $
Luxury Box -- Attendance: 859 (85,90%) -- Ticket Income 145 171 $
Game was played at the Scotttrade center.
Total Attendance: 17859 (99,22%)
Total Ticket Income: 1 045 171 $
Other Income: 156 776 $
Total Income: 1 201 947 $
Canucks
5 vs 5 Forward
Center Left Wing Right Wing Time % Phy DF OF
1 Vince Rocco Clarke MacArthur Martin St. Louis 40 1 2 2
2 Nikolai Zherdev Milan Michalek Maxim Afinogenov 30 1 2 2
3 Maxim Lapierre Alex Tanguay Nikolai Zherdev 20 1 2 2
4 Matt Stajan Ryane Clowe Patrick Eaves 10 1 2 2
5 vs 5 Defense
Defense Defense Time % Phy DF OF
1 Alex Goligoski Doug Janik 40 1 2 2
2 Ben Lovejoy Sami Lepisto 30 1 2 2
3 Ryan Parent Brendon Nash 20 1 2 2
4 Doug Janik Alex Goligoski 10 1 2 2
PowerPlay Forward
Center Left Wing Right Wing Time % Phy DF OF
1 Nikolai Zherdev Vince Rocco Clarke MacArthur 60 1 2 2
2 Alex Tanguay Patrick Eaves Maxim Afinogenov 40 1 2 2
PowerPlay Defense
Defense Defense Time % Phy DF OF
1 Alex Goligoski Brendon Nash 60 1 2 2
2 Ben Lovejoy Sami Lepisto 40 1 2 2
Penalty Kill 4 Players Forward
Center Wing Time % Phy DF OF
1 Martin St. Louis Matt Stajan 60 1 2 2
2 Clarke MacArthur Maxim Afinogenov 40 1 2 2
Penalty Kill 4 Players Defense
Defense Defense Time % Phy DF OF
1 Alex Goligoski Doug Janik 60 1 2 2
2 Ben Lovejoy Sami Lepisto 40 1 2 2
Penalty Kill - 3 Players Forward
Forward Time % Phy DF OF
1 Martin St. Louis 60 1 2 2
2 Matt Stajan 40 1 2 2
Penalty Kill - 3 Players Defense
Defense Defense Time % Phy DF OF
1 Alex Goligoski Doug Janik 60 1 2 2
2 Ben Lovejoy Sami Lepisto 40 1 2 2
4 vs 4 Forward
Center Wing Time % Phy DF OF
1 Martin St. Louis Matt Stajan 60 1 2 2
2 Patrick Eaves Maxim Afinogenov 40 1 2 2
4 vs 4 Defense
Defense Defense Time % Phy DF OF
1 Alex Goligoski Doug Janik 60 1 2 2
2 Ben Lovejoy Sami Lepisto 40 1 2 2
Last Minutes Offensive
Center Left Wing Right Wing Defense Defense
Matt Stajan Clarke MacArthur Martin St. Louis Alex Goligoski Brendon Nash
Last Minutes Defensive
Center Left Wing Right Wing Defense Defense
Matt Stajan Clarke MacArthur Martin St. Louis Alex Goligoski Brendon Nash
Goaltenders
Starting : Jussi Rynnas
Backup : Carey Price
Extra Forwards
Normal : Alex Tanguay, Ryane Clowe, Maxim Lapierre - PP : Alex Tanguay, Ryane Clowe - PK : Maxim Lapierre
Extra Defensemen
Normal : Ryan Parent, Brendon Nash, Doug Janik - PP : Ryan Parent - PK : Brendon Nash, Doug Janik
Penalty Shots
Martin St. Louis, Matt Stajan, Ryan Parent, Maxim Afinogenov, Clarke MacArthur
Blues
5 vs 5 Forward
Center Left Wing Right Wing Time % Phy DF OF
1 Travis Zajac David Perron Joe Pavelski 40 1 2 2
2 Nicklas Backstrom Guillaume Latendresse Darren Reid 30 1 2 2
3 Nik Antropov Paul Kariya Sergei Shirokov 20 1 2 2
4 Tyler Arnason Taylor Pyatt Lee Stempniak 10 1 2 2
5 vs 5 Defense
Defense Defense Time % Phy DF OF
1 Bryce Lampman Alex Pietrangelo 40 1 2 2
2 Drew Fata Ryan Whitney 30 1 2 2
3 Lasse Kukkonen Jake Gardiner 20 1 2 2
4 Alex Pietrangelo Lasse Kukkonen 10 1 2 2
PowerPlay Forward
Center Left Wing Right Wing Time % Phy DF OF
1 Travis Zajac David Perron Joe Pavelski 60 1 2 2
2 Nicklas Backstrom Paul Kariya Darren Reid 40 1 2 2
PowerPlay Defense
Defense Defense Time % Phy DF OF
1 Ryan Whitney Alex Pietrangelo 60 1 2 2
2 Lasse Kukkonen Jake Gardiner 40 1 2 2
Penalty Kill 4 Players Forward
Center Wing Time % Phy DF OF
1 Nik Antropov Taylor Pyatt 60 1 2 2
2 Tyler Arnason Sergei Shirokov 40 1 2 2
Penalty Kill 4 Players Defense
Defense Defense Time % Phy DF OF
1 Bryce Lampman Alex Pietrangelo 60 1 2 2
2 Lasse Kukkonen Drew Fata 40 1 2 2
Penalty Kill - 3 Players Forward
Forward Time % Phy DF OF
1 Taylor Pyatt 60 1 2 2
2 Nik Antropov 40 1 2 2
Penalty Kill - 3 Players Defense
Defense Defense Time % Phy DF OF
1 Bryce Lampman Alex Pietrangelo 60 1 2 2
2 Lasse Kukkonen Drew Fata 40 1 2 2
4 vs 4 Forward
Center Wing Time % Phy DF OF
1 Travis Zajac David Perron 60 1 2 2
2 Nicklas Backstrom Joe Pavelski 40 1 2 2
4 vs 4 Defense
Defense Defense Time % Phy DF OF
1 Bryce Lampman Alex Pietrangelo 60 1 2 2
2 Lasse Kukkonen Drew Fata 40 1 2 2
Last Minutes Offensive
Center Left Wing Right Wing Defense Defense
Travis Zajac David Perron Joe Pavelski Bryce Lampman Alex Pietrangelo
Last Minutes Defensive
Center Left Wing Right Wing Defense Defense
Nik Antropov Guillaume Latendresse Joe Pavelski Bryce Lampman Alex Pietrangelo
Goaltenders
Starting : Tuukka Rask
Backup : Adam Munro
Extra Forwards
Normal : Nicklas Backstrom, David Perron, Sergei Shirokov - PP : Nicklas Backstrom, David Perron - PK : Sergei Shirokov
Extra Defensemen
Normal : Lasse Kukkonen, Jake Gardiner, Ryan Whitney - PP : Ryan Whitney - PK : Jake Gardiner, Ryan Whitney
Penalty Shots
Travis Zajac, Nik Antropov, Paul Kariya, Joe Pavelski, Nicklas Backstrom
% Time on Ice - Canucks
Lines # - Real PCT - Wanted PCT - Time Play
Normal Forward
1 - 40% - 40% - 14:51
2 - 29% - 30% - 10:48
3 - 13% - 20% - 4:51
4 - 17% - 10% - 6:26
Normal Defense
1 - 44% - 40% - 16:11
2 - 32% - 30% - 11:56
3 - 21% - 20% - 7:50
4 - 3% - 10% - 0:59
PP Forward
1 - 55% - 60% - 3:33
2 - 45% - 40% - 2:53
PP Defense
1 - 61% - 60% - 3:55
2 - 39% - 40% - 2:31
PK Forward
1 - 71% - 60% - 10:41
2 - 29% - 40% - 4:27
PK Defense
1 - 62% - 60% - 9:22
2 - 38% - 40% - 5:46
PK3 Forward
1 - 0% - 60%
2 - 0% - 40%
PK3 Defense
1 - 0% - 60%
2 - 0% - 40%
44 Forward
1 - 79% - 60% - 1:11
2 - 21% - 40% - 0:19
44 Defense
1 - 53% - 60% - 0:48
2 - 47% - 40% - 0:42
Last Minute Offensive - 0:00
Last Minute Defensive - 0:00
Total
Forward - 60:00
Defense - 60:00
|
% Time on Ice - Blues
Lines # - Real PCT - Wanted PCT - Time Play
Normal Forward
1 - 35% - 40% - 12:53
2 - 31% - 30% - 11:27
3 - 17% - 20% - 6:14
4 - 17% - 10% - 6:22
Normal Defense
1 - 43% - 40% - 15:59
2 - 35% - 30% - 13:02
3 - 19% - 20% - 6:51
4 - 3% - 10% - 1:04
PP Forward
1 - 56% - 60% - 8:24
2 - 44% - 40% - 6:44
PP Defense
1 - 60% - 60% - 9:07
2 - 40% - 40% - 6:01
PK Forward
1 - 74% - 60% - 4:45
2 - 26% - 40% - 1:41
PK Defense
1 - 53% - 60% - 3:24
2 - 47% - 40% - 3:02
PK3 Forward
1 - 0% - 60%
2 - 0% - 40%
PK3 Defense
1 - 0% - 60%
2 - 0% - 40%
44 Forward
1 - 72% - 60% - 1:05
2 - 28% - 40% - 0:25
44 Defense
1 - 73% - 60% - 1:06
2 - 27% - 40% - 0:24
Last Minute Offensive - 0:00
Last Minute Defensive - 0:00
Total
Forward - 60:00
Defense - 60:00
|
Play by Play
1st period
0:01 of 1st period - Vince Rocco wins face-off versus Travis Zajac in neutral zone.
0:06 of 1st period - Wrist shot by Clarke MacArthur.
0:06 of 1st period - Shot Blocked by Joe Pavelski.
0:26 of 1st period - Maxim Afinogenov is hit by Guillaume Latendresse.
1:36 of 1st period - Wrist shot by Alex Tanguay.
1:36 of 1st period - Deflect By Nikolai Zherdev.
1:36 of 1st period - Stopped by Tuukka Rask with a rebound.
1:56 of 1st period - Slapshot by Ryan Whitney.
1:56 of 1st period - Shot Hit the Post.
2:18 of 1st period - Wrist shot by Maxim Afinogenov.
2:18 of 1st period - Stopped by Tuukka Rask with a rebound.
2:20 of 1st period - Slapshot by Brendon Nash.
2:20 of 1st period - Shot Blocked by Nik Antropov.
2:22 of 1st period - Snap shot by Milan Michalek.
2:22 of 1st period - Goal by Milan Michalek - Canucks : 1 - Blues : 0.
2:23 of 1st period - Nikolai Zherdev wins face-off versus Travis Zajac in neutral zone.
3:05 of 1st period - Wrist shot by Travis Zajac.
3:05 of 1st period - Shot Misses the Net.
3:07 of 1st period - Wrist shot by David Perron.
3:07 of 1st period - Shot Misses the Net.
3:09 of 1st period - Snap shot by David Perron.
3:09 of 1st period - Stopped by Jussi Rynnas with a rebound.
3:13 of 1st period - Snap shot by David Perron.
3:13 of 1st period - Stopped by Jussi Rynnas with a rebound.
3:33 of 1st period - Wrist shot by Clarke MacArthur.
3:33 of 1st period - Shot Misses the Net.
3:39 of 1st period - Snap shot by Martin St. Louis.
3:39 of 1st period - Shot Misses the Net.
4:05 of 1st period - Wrist shot by Clarke MacArthur.
4:05 of 1st period - Goal by Clarke MacArthur - Canucks : 2 - Blues : 0.
4:06 of 1st period - Nicklas Backstrom wins face-off versus Maxim Lapierre in neutral zone.
4:09 of 1st period - Slapshot by Guillaume Latendresse.
4:09 of 1st period - Shot Misses the Net.
4:31 of 1st period - Matt Stajan is hit by Paul Kariya and loses puck.
5:44 of 1st period - Backhand shot by Guillaume Latendresse.
5:44 of 1st period - Shot Misses the Net.
6:09 of 1st period - Off-side.
6:10 of 1st period - Vince Rocco wins face-off versus Tyler Arnason in neutral zone.
6:33 of 1st period - Slapshot by Tyler Arnason.
6:33 of 1st period - Deflect By Guillaume Latendresse.
6:33 of 1st period - Goal by Guillaume Latendresse - Canucks : 2 - Blues : 1.
6:34 of 1st period - Nicklas Backstrom wins face-off versus Maxim Lapierre in neutral zone.
6:49 of 1st period - Wrist shot by Nicklas Backstrom.
6:49 of 1st period - Shot Misses the Net.
7:01 of 1st period - Jake Gardiner is hit by Martin St. Louis.
7:21 of 1st period - Wrist shot by Lee Stempniak.
7:21 of 1st period - Shot Misses the Net.
7:23 of 1st period - Slapshot by Bryce Lampman.
7:23 of 1st period - Deflect By Alex Goligoski.
7:23 of 1st period - Stopped by Jussi Rynnas with a rebound.
7:43 of 1st period - Backhand shot by Nik Antropov.
7:43 of 1st period - Shot Misses the Net.
8:09 of 1st period - Patrick Eaves is hit by Guillaume Latendresse and loses puck.
8:42 of 1st period - Snap shot by Ryane Clowe.
8:42 of 1st period - Stopped by Tuukka Rask with a rebound.
9:12 of 1st period - Darren Reid is hit by Ryan Parent and loses puck.
9:41 of 1st period - Off-side.
9:42 of 1st period - Travis Zajac wins face-off versus Maxim Afinogenov in neutral zone.
10:11 of 1st period - Wrist shot by Sergei Shirokov.
10:11 of 1st period - Stopped by Jussi Rynnas with a rebound.
10:13 of 1st period - Wrist shot by Sergei Shirokov.
10:13 of 1st period - Shot Blocked by Matt Stajan.
10:15 of 1st period - Wrist shot by Paul Kariya.
10:15 of 1st period - Deflect By Sergei Shirokov.
10:15 of 1st period - Goal by Sergei Shirokov - Canucks : 2 - Blues : 2.
10:16 of 1st period - Travis Zajac wins face-off versus Maxim Lapierre in neutral zone.
10:47 of 1st period - Snap shot by Matt Stajan.
10:47 of 1st period - Stopped by Tuukka Rask without a rebound.
10:48 of 1st period - Ryane Clowe wins face-off versus Darren Reid in Blues zone.
11:16 of 1st period - Minor Penalty to Brendon Nash for Tripping.
11:17 of 1st period - Martin St. Louis wins face-off versus Travis Zajac in Canucks zone.
11:58 of 1st period - Slapshot by Paul Kariya.
11:58 of 1st period - Shot Blocked by Sami Lepisto.
12:49 of 1st period - Icing by Travis Zajac.
12:50 of 1st period - Travis Zajac wins face-off versus Maxim Lapierre in Blues zone.
13:16 of 1st period - Penalty to Brendon Nash is over, Brendon Nash is back on ice.
13:27 of 1st period - Snap shot by Matt Stajan.
13:27 of 1st period - Stopped by Tuukka Rask without a rebound.
13:28 of 1st period - Nikolai Zherdev wins face-off versus Tyler Arnason in Blues zone.
13:33 of 1st period - Backhand shot by Maxim Afinogenov.
13:33 of 1st period - Shot Blocked by Jake Gardiner.
13:35 of 1st period - Snap shot by Nikolai Zherdev.
13:35 of 1st period - Shot Misses the Net.
13:37 of 1st period - Slapshot by Milan Michalek.
13:37 of 1st period - Shot Blocked by Jake Gardiner.
13:43 of 1st period - Snap shot by Maxim Afinogenov.
13:43 of 1st period - Shot Blocked by Taylor Pyatt.
15:22 of 1st period - Wrist shot by Matt Stajan.
15:22 of 1st period - Shot Misses the Net.
15:24 of 1st period - Slapshot by Matt Stajan.
15:24 of 1st period - Shot Misses the Net.
15:26 of 1st period - Snap shot by Alex Goligoski.
15:26 of 1st period - Shot Misses the Net.
15:33 of 1st period - Icing by Alex Tanguay.
15:34 of 1st period - Maxim Lapierre wins face-off versus Nicklas Backstrom in Canucks zone.
15:50 of 1st period - Icing by Darren Reid.
15:51 of 1st period - Vince Rocco wins face-off versus Nicklas Backstrom in Blues zone.
15:52 of 1st period - Snap shot by Martin St. Louis.
15:52 of 1st period - Shot Blocked by Nicklas Backstrom.
16:14 of 1st period - Slapshot by Alex Pietrangelo.
16:14 of 1st period - Shot Misses the Net.
16:36 of 1st period - Slapshot by Martin St. Louis.
16:36 of 1st period - Shot Blocked by Darren Reid.
16:38 of 1st period - Minor Penalty to Bryce Lampman for Cross-checking.
16:39 of 1st period - Nik Antropov wins face-off versus Alex Tanguay in Blues zone.
17:28 of 1st period - Clarke MacArthur is hit by Alex Pietrangelo and loses puck.
17:53 of 1st period - Icing by Ben Lovejoy.
17:54 of 1st period - Sergei Shirokov wins face-off versus Alex Tanguay in Canucks zone.
18:03 of 1st period - Sami Lepisto is hit by Drew Fata and loses puck.
18:38 of 1st period - Penalty to Bryce Lampman is over, Bryce Lampman is back on ice.
18:56 of 1st period - Joe Pavelski is hit by Ryane Clowe and loses puck.
19:09 of 1st period - Wrist shot by Nicklas Backstrom.
19:09 of 1st period - Stopped by Jussi Rynnas without a rebound.
19:10 of 1st period - Maxim Lapierre wins face-off versus Guillaume Latendresse in Canucks zone.
19:15 of 1st period - Backhand shot by Alex Tanguay.
19:15 of 1st period - Deflect By Darren Reid.
19:15 of 1st period - Stopped by Tuukka Rask without a rebound.
19:16 of 1st period - Travis Zajac wins face-off versus Nikolai Zherdev in Blues zone.
19:32 of 1st period - Icing by Nikolai Zherdev.
19:33 of 1st period - Nik Antropov wins face-off versus Milan Michalek in Canucks zone.
19:42 of 1st period - Slapshot by Nik Antropov.
19:42 of 1st period - Stopped by Jussi Rynnas with a rebound.
Goals for this period are 2 for Canucks vs 2 for Blues.
Shots for this period are 8 for Canucks vs 8 for Blues.
2nd period
0:01 of 2nd period - Travis Zajac wins face-off versus Vince Rocco in neutral zone.
0:10 of 2nd period - Wrist shot by Clarke MacArthur.
0:10 of 2nd period - Shot Blocked by Joe Pavelski.
0:45 of 2nd period - Icing by Milan Michalek.
0:46 of 2nd period - Nicklas Backstrom wins face-off versus Matt Stajan in Canucks zone.
0:49 of 2nd period - Slapshot by Guillaume Latendresse.
0:49 of 2nd period - Goal by Guillaume Latendresse - Canucks : 2 - Blues : 3.
0:50 of 2nd period - Travis Zajac wins face-off versus Martin St. Louis in neutral zone.
1:22 of 2nd period - Paul Kariya is hit by Maxim Afinogenov and loses puck.
1:36 of 2nd period - Minor Penalty to Nik Antropov for Tripping.
1:37 of 2nd period - Sergei Shirokov wins face-off versus Nikolai Zherdev in Blues zone.
1:37 of 2nd period - Sergei Shirokov is hit by Vince Rocco.
2:05 of 2nd period - Minor Penalty to Alex Tanguay for Hooking.
2:06 of 2nd period - Travis Zajac wins face-off versus Martin St. Louis in Canucks zone.
2:07 of 2nd period - Snap shot by David Perron.
2:07 of 2nd period - Stopped by Jussi Rynnas with a rebound.
2:15 of 2nd period - Snap shot by Martin St. Louis.
2:15 of 2nd period - Shot Misses the Net.
2:17 of 2nd period - Snap shot by Matt Stajan.
2:17 of 2nd period - Shot Misses the Net.
2:19 of 2nd period - Snap shot by Martin St. Louis.
2:19 of 2nd period - Shot Misses the Net.
2:21 of 2nd period - Snap shot by Alex Goligoski.
2:21 of 2nd period - Stopped by Tuukka Rask with a rebound.
2:49 of 2nd period - Patrick Eaves is hit by Nicklas Backstrom and loses puck.
3:36 of 2nd period - Penalty to Nik Antropov is over, Nik Antropov is back on ice.
3:59 of 2nd period - Icing by Darren Reid.
4:00 of 2nd period - Nicklas Backstrom wins face-off versus Martin St. Louis in Blues zone.
4:05 of 2nd period - Penalty to Alex Tanguay is over, Alex Tanguay is back on ice.
4:17 of 2nd period - Snap shot by Tyler Arnason.
4:17 of 2nd period - Stopped by Jussi Rynnas with a rebound.
4:37 of 2nd period - Wrist shot by Nikolai Zherdev.
4:37 of 2nd period - Shot Misses the Net.
4:39 of 2nd period - Minor Penalty to Joe Pavelski for Hooking.
4:40 of 2nd period - Nik Antropov wins face-off versus Nikolai Zherdev in Blues zone.
6:27 of 2nd period - Sergei Shirokov is hit by Brendon Nash and loses puck.
6:39 of 2nd period - Penalty to Joe Pavelski is over, Joe Pavelski is back on ice.
6:49 of 2nd period - Off-side.
6:50 of 2nd period - Guillaume Latendresse wins face-off versus Matt Stajan in neutral zone.
6:53 of 2nd period - Slapshot by Lasse Kukkonen.
6:53 of 2nd period - Shot Misses the Net.
6:55 of 2nd period - Snap shot by Guillaume Latendresse.
6:55 of 2nd period - Goal by Guillaume Latendresse - Canucks : 2 - Blues : 4.
6:55 of 2nd period - Carey Price enters game.
6:56 of 2nd period - Vince Rocco wins face-off versus Travis Zajac in neutral zone.
7:00 of 2nd period - Off-side.
7:01 of 2nd period - Vince Rocco wins face-off versus Travis Zajac in neutral zone.
7:13 of 2nd period - Alex Goligoski is hit by David Perron and loses puck.
7:42 of 2nd period - Slapshot by Alex Goligoski.
7:42 of 2nd period - Shot Misses the Net.
8:00 of 2nd period - Snap shot by Guillaume Latendresse.
8:00 of 2nd period - Stopped by Carey Price with a rebound.
8:02 of 2nd period - Slapshot by Ryan Whitney.
8:02 of 2nd period - Stopped by Carey Price without a rebound.
8:03 of 2nd period - Nikolai Zherdev wins face-off versus Travis Zajac in Canucks zone.
8:10 of 2nd period - Snap shot by Milan Michalek.
8:10 of 2nd period - Shot Misses the Net.
8:12 of 2nd period - Wrist shot by Maxim Afinogenov.
8:12 of 2nd period - Goal by Maxim Afinogenov - Canucks : 3 - Blues : 4.
8:13 of 2nd period - Nikolai Zherdev wins face-off versus Travis Zajac in neutral zone.
8:20 of 2nd period - Snap shot by David Perron.
8:20 of 2nd period - Stopped by Carey Price without a rebound.
8:21 of 2nd period - Travis Zajac wins face-off versus Milan Michalek in Canucks zone.
8:36 of 2nd period - Slapshot by David Perron.
8:36 of 2nd period - Stopped by Carey Price with a rebound.
8:38 of 2nd period - Wrist shot by Travis Zajac.
8:38 of 2nd period - Stopped by Carey Price without a rebound.
8:39 of 2nd period - Nicklas Backstrom wins face-off versus Vince Rocco in Canucks zone.
8:42 of 2nd period - Slapshot by Nicklas Backstrom.
8:42 of 2nd period - Stopped by Carey Price with a rebound.
9:06 of 2nd period - Joe Pavelski is hit by Maxim Lapierre.
9:22 of 2nd period - Minor Penalty to Ryan Whitney for Holding.
9:23 of 2nd period - Nik Antropov wins face-off versus Nikolai Zherdev in Blues zone.
9:36 of 2nd period - Snap shot by Nikolai Zherdev.
9:36 of 2nd period - Stopped by Tuukka Rask with a rebound.
9:38 of 2nd period - Wrist shot by Clarke MacArthur.
9:38 of 2nd period - Stopped by Tuukka Rask without a rebound.
9:39 of 2nd period - Nikolai Zherdev wins face-off versus Nik Antropov in Blues zone.
9:48 of 2nd period - Snap shot by Alex Goligoski.
9:48 of 2nd period - Shot Blocked by Alex Pietrangelo.
9:50 of 2nd period - Slapshot by Nikolai Zherdev.
9:50 of 2nd period - Shot Hit the Post.
9:52 of 2nd period - Backhand shot by Nikolai Zherdev.
9:52 of 2nd period - Stopped by Tuukka Rask with a rebound.
11:22 of 2nd period - Penalty to Ryan Whitney is over, Ryan Whitney is back on ice.
11:57 of 2nd period - Backhand shot by Darren Reid.
11:57 of 2nd period - Shot Misses the Net.
12:14 of 2nd period - Ryane Clowe is hit by Paul Kariya and loses puck.
12:27 of 2nd period - Minor Penalty to Ryane Clowe for Holding.
12:28 of 2nd period - Martin St. Louis wins face-off versus Travis Zajac in Canucks zone.
13:36 of 2nd period - Wrist shot by Maxim Afinogenov.
13:36 of 2nd period - Shot Misses the Net.
14:27 of 2nd period - Penalty to Ryane Clowe is over, Ryane Clowe is back on ice.
14:28 of 2nd period - Wrist shot by Alex Tanguay.
14:28 of 2nd period - Stopped by Tuukka Rask with a rebound.
14:38 of 2nd period - Slapshot by Ryane Clowe.
14:38 of 2nd period - Shot Blocked by Nik Antropov.
14:40 of 2nd period - Snap shot by Ryane Clowe.
14:40 of 2nd period - Stopped by Tuukka Rask with a rebound.
14:50 of 2nd period - Snap shot by Maxim Lapierre.
14:50 of 2nd period - Stopped by Tuukka Rask without a rebound.
14:51 of 2nd period - Lee Stempniak wins face-off versus Nikolai Zherdev in Blues zone.
15:06 of 2nd period - Snap shot by Milan Michalek.
15:06 of 2nd period - Shot Misses the Net.
15:38 of 2nd period - Patrick Eaves is hit by Alex Pietrangelo and loses puck.
15:54 of 2nd period - Minor Penalty to Ryane Clowe for Tripping.
15:55 of 2nd period - Martin St. Louis wins face-off versus Travis Zajac in Canucks zone.
15:55 of 2nd period - Martin St. Louis is hit by Lasse Kukkonen.
16:29 of 2nd period - Slapshot by Alex Pietrangelo.
16:29 of 2nd period - Shot Misses the Net.
16:31 of 2nd period - Slapshot by Ryan Whitney.
16:31 of 2nd period - Deflect By Nicklas Backstrom.
16:31 of 2nd period - Shot Blocked by Alex Goligoski.
16:31 of 2nd period - Puck is out of play.
16:32 of 2nd period - Nicklas Backstrom wins face-off versus Clarke MacArthur in Canucks zone.
16:41 of 2nd period - Snap shot by Nicklas Backstrom.
16:41 of 2nd period - Shot Blocked by Ben Lovejoy.
16:43 of 2nd period - Wrist shot by Ryan Whitney.
16:43 of 2nd period - Stopped by Carey Price without a rebound.
16:44 of 2nd period - Martin St. Louis wins face-off versus Travis Zajac in Canucks zone.
17:02 of 2nd period - Alex Goligoski is hit by Travis Zajac and loses puck.
17:15 of 2nd period - Slapshot by Ryan Whitney.
17:15 of 2nd period - Shot Misses the Net.
17:27 of 2nd period - Slapshot by Alex Pietrangelo.
17:27 of 2nd period - Stopped by Carey Price without a rebound.
17:28 of 2nd period - Clarke MacArthur wins face-off versus Nicklas Backstrom in Canucks zone.
17:43 of 2nd period - Alex Goligoski is hit by Jake Gardiner and loses puck.
17:54 of 2nd period - Penalty to Ryane Clowe is over, Ryane Clowe is back on ice.
18:14 of 2nd period - Wrist shot by Lee Stempniak.
18:14 of 2nd period - Stopped by Carey Price without a rebound.
18:15 of 2nd period - Nicklas Backstrom wins face-off versus Nikolai Zherdev in Canucks zone.
18:15 of 2nd period - Nicklas Backstrom is hit by Maxim Afinogenov.
18:29 of 2nd period - Wrist shot by Nicklas Backstrom.
18:29 of 2nd period - Deflect By Guillaume Latendresse.
18:29 of 2nd period - Shot Misses the Net.
18:29 of 2nd period - Puck is out of play.
18:30 of 2nd period - Maxim Lapierre wins face-off versus Joe Pavelski in Canucks zone.
18:32 of 2nd period - Minor Penalty to Ben Lovejoy for Holding.
18:33 of 2nd period - Travis Zajac wins face-off versus Martin St. Louis in Canucks zone.
18:39 of 2nd period - Wrist shot by David Perron.
18:39 of 2nd period - Shot Blocked by Doug Janik.
18:41 of 2nd period - Slapshot by Ryan Whitney.
18:41 of 2nd period - Shot Misses the Net.
18:49 of 2nd period - Slapshot by Alex Pietrangelo.
18:49 of 2nd period - Shot Misses the Net.
18:59 of 2nd period - Ryan Whitney is hit by Martin St. Louis and loses puck.
19:06 of 2nd period - Martin St. Louis is hit by Darren Reid and loses puck.
19:30 of 2nd period - Doug Janik is hit by Jake Gardiner and loses puck.
Goals for this period are 1 for Canucks vs 2 for Blues.
Shots for this period are 8 for Canucks vs 13 for Blues.
3rd period
0:01 of 3rd period - Travis Zajac wins face-off versus Martin St. Louis in neutral zone.
0:09 of 3rd period - Wrist shot by Joe Pavelski.
0:09 of 3rd period - Stopped by Carey Price with a rebound.
0:13 of 3rd period - Snap shot by Alex Pietrangelo.
0:13 of 3rd period - Goal by Alex Pietrangelo - Canucks : 3 - Blues : 5.
0:14 of 3rd period - Travis Zajac wins face-off versus Vince Rocco in neutral zone.
0:22 of 3rd period - Minor Penalty to Clarke MacArthur for Holding.
0:23 of 3rd period - Travis Zajac wins face-off versus Martin St. Louis in Canucks zone.
0:33 of 3rd period - Wrist shot by Alex Pietrangelo.
0:33 of 3rd period - Shot Blocked by Doug Janik.
0:35 of 3rd period - Wrist shot by Joe Pavelski.
0:35 of 3rd period - Stopped by Carey Price with a rebound.
0:55 of 3rd period - Wrist shot by Nicklas Backstrom.
0:55 of 3rd period - Stopped by Carey Price without a rebound.
0:56 of 3rd period - Travis Zajac wins face-off versus Maxim Lapierre in Canucks zone.
1:07 of 3rd period - Snap shot by David Perron.
1:07 of 3rd period - Stopped by Carey Price without a rebound.
1:08 of 3rd period - Travis Zajac wins face-off versus Martin St. Louis in Canucks zone.
1:09 of 3rd period - Slapshot by Alex Pietrangelo.
1:09 of 3rd period - Deflect By Alex Goligoski.
1:09 of 3rd period - Stopped by Carey Price without a rebound.
1:10 of 3rd period - Martin St. Louis wins face-off versus Travis Zajac in Canucks zone.
1:10 of 3rd period - Martin St. Louis is hit by Travis Zajac.
1:24 of 3rd period - Slapshot by Alex Pietrangelo.
1:24 of 3rd period - Stopped by Carey Price with a rebound.
1:26 of 3rd period - Snap shot by Alex Pietrangelo.
1:26 of 3rd period - Deflect By Alex Goligoski.
1:26 of 3rd period - Goal by Alex Pietrangelo - Canucks : 3 - Blues : 6.
1:27 of 3rd period - Vince Rocco wins face-off versus Travis Zajac in neutral zone.
1:54 of 3rd period - Nicklas Backstrom is hit by Maxim Afinogenov and loses puck.
2:01 of 3rd period - Backhand shot by Milan Michalek.
2:01 of 3rd period - Goal by Milan Michalek - Canucks : 4 - Blues : 6.
2:02 of 3rd period - Vince Rocco wins face-off versus Travis Zajac in neutral zone.
2:05 of 3rd period - Snap shot by Clarke MacArthur.
2:05 of 3rd period - Shot Hit the Post.
2:13 of 3rd period - Slapshot by Alex Pietrangelo.
2:13 of 3rd period - Stopped by Carey Price without a rebound.
2:14 of 3rd period - Vince Rocco wins face-off versus Travis Zajac in Canucks zone.
2:16 of 3rd period - Minor Penalty to Martin St. Louis for Hooking.
2:17 of 3rd period - Maxim Lapierre wins face-off versus David Perron in Canucks zone.
2:48 of 3rd period - Matt Stajan is hit by Paul Kariya and loses puck.
3:29 of 3rd period - Ben Lovejoy is hit by Lasse Kukkonen and loses puck.
4:16 of 3rd period - Penalty to Martin St. Louis is over, Martin St. Louis is back on ice.
4:30 of 3rd period - Snap shot by Matt Stajan.
4:30 of 3rd period - Shot Misses the Net.
4:51 of 3rd period - Off-side.
4:52 of 3rd period - Nikolai Zherdev wins face-off versus Nik Antropov in neutral zone.
5:01 of 3rd period - Wrist shot by Maxim Afinogenov.
5:01 of 3rd period - Stopped by Tuukka Rask without a rebound.
5:02 of 3rd period - Vince Rocco wins face-off versus Travis Zajac in Blues zone.
5:08 of 3rd period - Icing by Travis Zajac.
5:09 of 3rd period - Clarke MacArthur wins face-off versus Travis Zajac in Blues zone.
5:16 of 3rd period - Wrist shot by Clarke MacArthur.
5:16 of 3rd period - Deflect By Vince Rocco.
5:16 of 3rd period - Stopped by Tuukka Rask without a rebound.
5:17 of 3rd period - Travis Zajac wins face-off versus Vince Rocco in Blues zone.
5:24 of 3rd period - Slapshot by David Perron.
5:24 of 3rd period - Shot Misses the Net.
5:44 of 3rd period - Wrist shot by Maxim Lapierre.
5:44 of 3rd period - Deflect By Guillaume Latendresse.
5:44 of 3rd period - Shot Misses the Net.
5:44 of 3rd period - Puck is out of play.
5:45 of 3rd period - Maxim Lapierre wins face-off versus Nicklas Backstrom in Blues zone.
6:22 of 3rd period - Snap shot by Clarke MacArthur.
6:22 of 3rd period - Shot Misses the Net.
6:59 of 3rd period - Off-side.
7:00 of 3rd period - Travis Zajac wins face-off versus Vince Rocco in neutral zone.
7:08 of 3rd period - Slapshot by Martin St. Louis.
7:08 of 3rd period - Stopped by Tuukka Rask without a rebound.
7:09 of 3rd period - Clarke MacArthur wins face-off versus Travis Zajac in Blues zone.
7:24 of 3rd period - Snap shot by Martin St. Louis.
7:24 of 3rd period - Stopped by Tuukka Rask with a rebound.
7:39 of 3rd period - Minor Penalty to Brendon Nash for Tripping.
7:40 of 3rd period - Nicklas Backstrom wins face-off versus Martin St. Louis in Canucks zone.
7:45 of 3rd period - Slapshot by Nicklas Backstrom.
7:45 of 3rd period - Shot Blocked by Martin St. Louis.
7:47 of 3rd period - Slapshot by Ryan Whitney.
7:47 of 3rd period - Shot Blocked by Doug Janik.
7:49 of 3rd period - Slapshot by Ryan Whitney.
7:49 of 3rd period - Deflect By Alex Goligoski.
7:49 of 3rd period - Stopped by Carey Price with a rebound.
7:51 of 3rd period - Snap shot by Darren Reid.
7:51 of 3rd period - Stopped by Carey Price with a rebound.
7:55 of 3rd period - Snap shot by Darren Reid.
7:55 of 3rd period - Shot Misses the Net.
7:57 of 3rd period - Snap shot by Paul Kariya.
7:57 of 3rd period - Shot Blocked by Alex Goligoski.
8:07 of 3rd period - Joe Pavelski is hit by Clarke MacArthur.
9:39 of 3rd period - Penalty to Brendon Nash is over, Brendon Nash is back on ice.
9:52 of 3rd period - Snap shot by Alex Tanguay.
9:52 of 3rd period - Stopped by Tuukka Rask with a rebound.
9:54 of 3rd period - Wrist shot by Maxim Lapierre.
9:54 of 3rd period - Shot Misses the Net.
10:06 of 3rd period - Brendon Nash is hit by Nik Antropov and loses puck.
11:02 of 3rd period - Clarke MacArthur is hit by Joe Pavelski and loses puck.
11:15 of 3rd period - Alex Pietrangelo is hit by Maxim Lapierre and loses puck.
11:26 of 3rd period - Ryane Clowe is hit by Bryce Lampman and loses puck.
12:04 of 3rd period - Nik Antropov is hit by Matt Stajan and loses puck.
12:10 of 3rd period - Icing by Paul Kariya.
12:11 of 3rd period - Maxim Afinogenov wins face-off versus Nik Antropov in Blues zone.
12:13 of 3rd period - Minor Penalty to Ben Lovejoy for Slashing.
12:14 of 3rd period - Martin St. Louis wins face-off versus Travis Zajac in Canucks zone.
12:40 of 3rd period - Doug Janik is hit by Darren Reid and loses puck.
14:01 of 3rd period - David Perron is hit by Doug Janik and loses puck.
14:13 of 3rd period - Penalty to Ben Lovejoy is over, Ben Lovejoy is back on ice.
14:20 of 3rd period - Nikolai Zherdev is hit by Nicklas Backstrom and loses puck.
14:35 of 3rd period - Ben Lovejoy is hit by Bryce Lampman and loses puck.
14:56 of 3rd period - Ben Lovejoy is hit by Nik Antropov and loses puck.
16:58 of 3rd period - Vince Rocco is hit by Tyler Arnason and loses puck.
17:51 of 3rd period - Joe Pavelski is hit by Martin St. Louis and loses puck.
18:52 of 3rd period - Drew Fata is hit by Clarke MacArthur and loses puck.
Goals for this period are 1 for Canucks vs 2 for Blues.
Shots for this period are 6 for Canucks vs 11 for Blues.
Back to the Top